 Dungeon Crawl Stone Soup version 0.28-a0-465-ge2dae52223 (webtiles) character file.

Game seed: 2556066636359546169

23 Yaksher the Vexing (level 2, -5/23 HPs)
             Began as a Gnoll Arcane Marksman on Sept 14, 2021.
             Killed by divine providence
             ... invoked by an orc priest
              (12 damage)
             ... on level 2 of the Dungeon.
             The game lasted 00:03:54 (899 turns).

Yaksher the Vexing (Gnoll Arcane Marksman)           Turns: 899, Time: 00:03:55

Health: -5/23      AC:  3    Str:  9    XL:     2   Next: 95%
Magic:  2/5        EV: 13    Int: 12    God:
Gold:   53         SH:  0    Dex: 12    Spells: 4/6 levels left

rFire   . . .      SeeInvis .   a - +0 shortbow
rCold   . . .      Faith    .   (shield currently unavailable)
rNeg    . . .      Spirit   .   d - +0 robe
rPois   .          Reflect  .   b - +0 helmet
rElec   .          Harm     .   (no cloak)
rCorr   .          Rampage  .   (no gloves)
Will    .....                   (no boots)
Stlth   +.........              (no amulet)
HPRegen 0.07/turn               (no ring)
MPRegen 0.09/turn               (no ring)

@: no status effects
A: fangs 1, strong nose, distributed training
a: no special abilities


You were on level 2 of the Dungeon.
You visited 1 branch of the dungeon, and saw 2 of its levels.

You collected 53 gold pieces.

Inventory:

Hand Weapons
 a - a +0 shortbow (weapon)
Missiles
 c - 31 arrows (quivered ammo)
Armour
 b - a +0 helmet (worn)
 d - a +0 robe (worn)
 f - a +0 chain mail
Scrolls
 e - a scroll of magic mapping {unknown}


   Skills:
 + Level 2.5 Fighting
 + Level 0.5 Short Blades
 + Level 0.5 Long Blades
 + Level 0.5 Axes
 + Level 0.5 Maces & Flails
 + Level 0.5 Polearms
 + Level 0.5 Staves
 + Level 0.5 Slings
 + Level 4.5 Bows
 + Level 0.5 Crossbows
 + Level 0.5 Throwing
 + Level 0.5 Armour
 + Level 4.5 Dodging
 + Level 0.5 Stealth
 + Level 0.5 Shields
 + Level 0.5 Unarmed Combat
 + Level 2.7 Spellcasting
 + Level 0.4 Conjurations
 + Level 5.4 Hexes
 + Level 0.4 Summonings
 + Level 0.4 Necromancy
 + Level 0.4 Translocations
 + Level 0.4 Transmutations
 + Level 0.4 Fire Magic
 + Level 0.4 Ice Magic
 + Level 0.4 Air Magic
 + Level 0.4 Earth Magic
 + Level 0.4 Poison Magic
 + Level 0.7 Invocations
 + Level 0.5 Evocations


You had 4 spell levels left.
You knew the following spells:

 Your Spells              Type           Power      Damage    Failure   Level
a - Slow                  Hex            14%        N/A       4%          2

Your spell library contained the following spells:

 Spells                   Type           Power      Damage    Failure   Level
 Inner Flame              Hex/Fire       8%         N/A       22%         3
 Portal Projectile        Hex/Tloc       16%        N/A       22%         3
 Cause Fear               Hex            7%         N/A       26%         4


Dungeon Overview and Level Annotations

Branches:
Dungeon (2/15)

Altars:

Annotations:
D:2 Jessica, Sigmund


Innate Abilities, Weirdness & Mutations

You have very sharp teeth.
Your uncanny sense of smell can sniff out nearby items.
Your experience applies equally to all skills.


Message History

The quokka is severely wounded.
The quokka barely misses you.
Fire: 34 arrows
Press: ? - help, Q - select action, (/) - cycle Shift-Dir - straight line, f/p - quokka
Aim: a quokka (severely wounded, 50% to hit)
You shoot an arrow. The arrow closely misses the quokka.
The quokka closely misses you. x2
Fire: 33 arrows
Press: ? - help, Q - select action, (/) - cycle Shift-Dir - straight line, f/p - quokka
Aim: a quokka (severely wounded, 50% to hit)
You shoot an arrow. The arrow barely misses the quokka.
The orc misses you. The quokka barely misses you.
Fire: 32 arrows
Press: ? - help, Q - select action, (/) - cycle Shift-Dir - straight line, f/p - quokka
Aim: a quokka (severely wounded, 50% to hit)
You shoot an arrow. The arrow hits the quokka.
You kill the quokka!
There are monsters nearby!
Found a stone staircase leading up.
Things that are here:
2 arrows; a quokka corpse You see here 4 arrows.
You see here an arrow.
The orc priest looks braver for a moment.
There is a stone staircase leading up here.
Fire: 31 arrows
Press: ? - help, Q - select action, (/) - cycle Shift-Dir - straight line, f - orc
Aim: an orc, wielding a +0 club and wearing a +0 ring mail (64% to hit)
Okay, then.
There are monsters nearby!
There are monsters nearby!
The orc hits you with a +0 club.
A ball python comes into view.
Sigmund the Dreaded comes into view.
He is wielding a +0 scythe of pain.
Sigmund shouts!
The orc hits you with a +0 club.
The orc priest invokes the aid of Beogh against you.
Beogh smites you!
Ouch! That really hurt!
You die...

#### #...# ..#.##
#######.##... .
#.........#
....###.........###.
.......@.oo.<.......
.....###..##o@##.###
.#.#.....###(##
.##...#@<(o#
........####
..##.........o#
.......####§o..
....S#. (o .......


You could see Sigmund, an orc priest, Jessica and 2 orcs.

Vanquished Creatures
  3 endoplasms (D:1)
  A goblin (D:1)
  4 hobgoblins (D:1)
  2 quokkas
  2 ball pythons (D:1)
  2 frilled lizards (D:1)
  4 kobolds (D:1)
  2 rats (D:1)
20 creatures vanquished.

Notes
Turn   | Place    | Note
-------+----------+-------------------------------------------
     0 | D:1      | Yaksher the Gnoll Arcane Marksman began the quest for the
                  | Orb.
     0 | D:1      | Reached XP level 1. HP: 17/17 MP: 4/4
   192 | D:1      | Reached XP level 2. HP: 23/23 MP: 5/5
   229 | D:1      | Learned a level 2 spell: Slow
   384 | D:1      | Found a faded altar of an unknown god.
   878 | D:2      | Noticed Jessica
   898 | D:2      | Noticed Sigmund
   899 | D:2      | Killed from afar by an orc priest

Illustrated notes

Levels and vault maps discovered:
D:1:      lemuel_arrival_broad_hall, layout_basic,
          hellmonk_ecumenical_altar_heavens_door
D:2:      layout_rooms, basic_altar, uniq_sigmund, uniq_jessica, uniq_robin

Action                   || total
-------------------------++-------
 Fire: Shortbow          ||    55
 Cast: Slow              ||     2
Armor: Robe              ||     1
Dodge: Dodged            ||    11

Table legend: (Time is in decaauts)
 A = Elapsed time spent in this place.
 B = Non-inter-level travel time spent in this place.
 C = Inter-level travel time spent in this place.
 D = Time resting spent in this place.
 E = Time spent auto-exploring this place.
 F = Levels seen in this place.
 G = Mean time per level.
                   A        B        C        D        E       F      G
               +--------+--------+--------+--------+--------+-----+--------+
         Total |    902 |    853 |     49 |      0 |    693 |   2 |  451.0 |
       Dungeon |    902 |    853 |     49 |      0 |    693 |   2 |  451.0 |
               +--------+--------+--------+--------+--------+-----+--------+

Top non-repeatable levels by time:
     D:1: 879 daAuts
     D:2: 23 daAuts
